 Dungeon Crawl Stone Soup version 0.31-a0-142-g31f6795574 (webtiles) character file.

Game seed: 5103357054296451098

448 hikkokomori the Digger (level 6, -1/51 HPs)
             Began as a Demigod Earth Elementalist on June 4, 2023.
             Slain by a gnoll
             ... wielding a +0 whip
             ... led by a gnoll bouda
              (3 damage)
             ... on level 4 of the Dungeon.
             The game lasted 00:06:16 (4008 turns).

hikkokomori the Digger (Demigod Earth Elementalist) Turns: 4008, Time: 00:06:16

Health: -1/51      AC:  2    Str:  9    XL:     6   Next: 45%
Magic:  13/14      EV: 12    Int: 25    God:
Gold:   159        SH:  0    Dex: 14    Spells: 5/12 levels left

rFire   . . .        (no weapon)
rCold   . . .        (no shield)
rNeg    . . .        a - +0 robe
rPois   .            (no helmet)
rElec   .            (no cloak)
rCorr   +            (no gloves)
SInv    +            (no boots)
Will    .....        e - amulet of magic regeneration
Stlth   ++           j - ring of resist corrosion
HPRegen 0.28/turn    m - ring of see invisible
MPRegen 0.54/turn

%: no passive effects
@: hasted, very quick
A: high MP 1, forlorn, divine attributes
a: no special abilities


You were on level 4 of the Dungeon.
You visited 1 branch of the dungeon, and saw 5 of its levels.

You collected 219 gold pieces.
You spent 60 gold pieces at shops.

Inventory:

Hand Weapons
 p - a +3 mace of draining
Armour
 a - a +0 robe (worn)
Jewellery
 e - an amulet of magic regeneration (around neck)
 j - a ring of resist corrosion (left hand)
 m - a ring of see invisible (right hand)
 s - a +6 ring of dexterity
Scrolls
 d - a scroll of fear {unknown}
 g - 3 scrolls of teleportation
 i - a scroll of immolation {unknown}
 k - a scroll of enchant weapon
 l - 2 scrolls of magic mapping
 o - a scroll of noise
 q - a scroll of vulnerability {unknown}
Potions
 b - a potion of magic
 c - a potion of curing
 f - a potion of enlightenment {unknown}
 r - a potion of heal wounds {unknown}


   Skills:
 + Level 3.4 Fighting
 - Level 1.8 Dodging
 - Level 1.8 Stealth
 + Level 3.7 Spellcasting
 - Level 1.0 Transmutations
 + Level 4.5 Earth Magic


You had 5 spell levels left.
You knew the following spells:

 Your Spells              Type           Power      Damage    Failure   Level
a - Sandblast             Erth           54%        2d13      1%          1
b - Ozocubu's Armour      Ice            4%         N/A       28%         3
c - Stone Arrow           Conj/Erth      30%        3d8       11%         3

Your spell library contained the following spells:

 Spells                   Type           Power      Damage    Failure   Level
 Passwall                 Tmut/Erth      15%        N/A       4%          2
 Necrotise                Necr           16%        1d4       10%         1
 Vampiric Draining        Necr           4%         2d6       28%         3
 Petrify                  Tmut/Erth      18%        N/A       30%         4
 Animate Armour           Summ/Erth      30%        N/A       36%         4
 Manifold Assault         Tloc           4%         N/A       67%         4
 Agony                    Necr           4%         N/A       95%         5
 Metabolic Englaciation   Hex/Ice        2%         N/A       95%         5
 Dispersal                Tloc           2%         N/A       100%        6
 Simulacrum               Ice/Necr       2%         N/A       100%        6
 Disjunction              Tloc           2%         N/A       100%        8
 Lehudib's Crystal Spear  Conj/Erth      7%         10d3      100%        8


Dungeon Overview and Level Annotations

Branches:
Dungeon (5/15)
 Temple: D:4-7

Shops:
D:1 :   D:3 ?

Annotations:
D:5 Dowan, Duvessa, Ijyb


Innate Abilities, Weirdness & Mutations

You have an increased reservoir of magic. (+10% MP)
You shall have no god before yourself.
Your divine heritage dramatically boosts your attributes as you level up.


Message History

Press: ? - help, Shift-Dir - straight line, f - gnoll bouda
Aim: a gnoll bouda, wielding a +0 club and wearing a +0 robe (heavily wounded, 85% to hit)
The blast of sand misses the gnoll bouda.
The gnoll closely misses you. The gnoll bouda completely misses you.
The gnoll hits you from afar with a +0 spear!
* * * LOW HITPOINT WARNING * * *
Unknown command.
Casting: Sandblast (safe; 1% risk of failure)
Confirm with . or Enter, or press ? or * to list all spells.
Aiming: Sandblast (safe; 1% risk of failure)
Press: ? - help, Shift-Dir - straight line, f/p - gnoll bouda
Aim: a gnoll bouda, wielding a +0 club and wearing a +0 robe (heavily wounded, 85% to hit)
The blast of sand hits the gnoll bouda!
You kill the gnoll bouda!
The gnoll hits you from afar with a +0 spear.
* * * LOW HITPOINT WARNING * * *
Unknown command.
Casting: Sandblast (safe; 1% risk of failure)
Confirm with . or Enter, or press ? or * to list all spells.
Okay, then.
The gnoll attacks as you move away! The gnoll hits you with a +0 whip.
* * * LOW HITPOINT WARNING * * *
The gnoll hits you with a +0 whip.
* * * LOW HITPOINT WARNING * * *
Unknown command.
Sorry, you're not good enough to have a special ability.
Unknown command.
You feel better. The gnoll closely misses you.
You feel yourself speed up. The gnoll hits you with a +0 whip.
* * * LOW HITPOINT WARNING * * *
Unknown command.
Casting: Sandblast (safe; 1% risk of failure)
Confirm with . or Enter, or press ? or * to list all spells.
Aiming: Sandblast (safe; 1% risk of failure)
Press: ? - help, Shift-Dir - straight line, f - gnoll
Aim: a gnoll, wielding a +0 whip (moderately wounded, covering ground quickly, 85% to hit)
The blast of sand hits the gnoll!
The gnoll is almost dead.
The gnoll hits you with a +0 whip.
You die...

.#.#.#.#...###...#.....#.#....<..
>#.#.#.#....#.###.#....#....##.#.
.#.#.#.#.....#...###...###.......
#...#...#....#....#.###.##.......
#...#...##...#..>..#...###.......
#...#...#.###.#.g..#....##.......
.#.#.#.#.#...###)..#.....#..##...
.#.#.#.#.#....#g###.#....#..##...
.#.#.#.#.#.....#@..###...#.......
..#...#...#....#....#.###.#....##
..#.>.#...##...#.....#...######..
..#...#...#.###.#....#....#####..
.#.#.#.#.#.....###...#.....#.##..
.#.#.#.#.#......#.###.#....#.##..
.#.#.#.#.#.....#.....###...#.##..
#...#...#......#......#.###.###..
#...#...##.....#.....#.....## #..


You could see a gnoll (swift).

Vanquished Creatures
  Sigmund (D:2)
  A centaur (D:4)
  A jelly (D:4)
  A gnoll bouda (D:4)
  A sleepcap (D:3)
  2 adders
  2 ufetubi (D:4)
  2 worms
  8 orcs
  6 ball pythons
  8 endoplasms
  3 giant cockroaches
  5 goblins
  5 hobgoblins
  2 jackals (D:1)
  7 kobolds
  4 quokkas
  7 bats
  3 frilled lizards
  9 rats
78 creatures vanquished.

Notes
Turn   | Place    | Note
-------+----------+-------------------------------------------
     0 | D:1      | hikkokomori the Demigod Earth Elementalist began the quest
                  | for the Orb.
     0 | D:1      | Reached XP level 1. HP: 14/14 MP: 5/5
    58 | D:1      | Found Ygosky's Book Boutique.
    83 | D:1      | Reached skill level 1 in Transmutations
   268 | D:1      | Reached XP level 2. HP: 22/22 MP: 1/7
   513 | D:1      | Reached skill level 3 in Earth Magic
  1101 | D:2      | Reached skill level 1 in Fighting
  1722 | D:2      | Reached XP level 3. HP: 27/28 MP: 6/8
  2135 | D:2      | Noticed Sigmund
  2197 | D:2      | Killed Sigmund
  2198 | D:2      | Reached XP level 4. HP: 16/37 MP: 4/11
  2198 | D:2      | Reached XP level 5. HP: 18/42 MP: 4/12
  2204 | D:2      | Learned a level 3 spell: Ozocubu's Armour
  2480 | D:3      | HP: 1/42 [sleepcap (7)]
  2484 | D:3      | Reached skill level 4 in Earth Magic
  2693 | D:3      | Found Kudghuff's Magic Scroll Boutique.
  2938 | D:3      | Bought a scroll of teleportation for 36 gold pieces
  2938 | D:3      | Bought a scroll of identify for 24 gold pieces
  3334 | D:4      | Noticed a centaur
  3349 | D:4      | Killed a centaur
  3350 | D:4      | Reached XP level 6. HP: 33/51 MP: 12/14
  3438 | D:4      | Learned a level 3 spell: Stone Arrow
  3993 | D:5      | Entered Level 5 of the Dungeon
  3993 | D:5      | Noticed Duvessa
  3993 | D:5      | Noticed Dowan
  3995 | D:5      | Noticed Ijyb
  4005 | D:4      | HP: 2/51 [gnoll/+0 whip[a gnoll bouda] (4)]
  4008 | D:4      | Slain by a gnoll

Illustrated notes

Levels and vault maps discovered:
D:1:      minmay_arrival_diagonal_passages, layout_basic, serial_shops, shop
D:2:      layout_loops_corners, serial_co_window_serial, co_window_corner_a,
          co_window_paths_b, co_window_of_opportunity_a, co_window_paths_a,
          co_window_corner_a, co_window_corner_ca, co_window_corner_cb,
          co_window_of_opportunity_c, glass_columns_a, glass_columns_b,
          glass_columns_a, uniq_sigmund
D:3:      layout_basic, mainiacjoe_overflow_surrounded_room,
          lemuel_coloured_pillars_altar, nicolae_overflow_hidden_temple,
          serial_shops, nicolae_shop_tiny_waterfront
D:4:      nicolae_BIG_FREAKIN_CUBE, layout_basic, lemuel_blue_sif_altar
D:5:      layout_gridville, amcnicky_altar_gilded, cheibriados_altar_1,
          minmay_temple_entry_fiery, gup_sewer_entry_bowl, grunt_ministairs_15,
          nicolae_sextant, uniq_duvessa, uniq_ijyb, uniq_blork_the_orc

Skill      XL: |  1  2  3  4  5 |
---------------+----------------+-----
Transmutations | 1 |  1.0
Spellcasting   | 2 3 |  3.7
Earth Magic    | 3 4 |  4.5
Fighting       | 1 2 3 |  3.4
Dodging        | |  1.8
Stealth        | |  1.8

Action                     |  1- 3 |  4- 6 || total
---------------------------+-------+-------++-------
  Melee: Unarmed           |    12 |     1 ||    13
   Cast: Sandblast         |    51 |    75 ||   126
         Ozocubu's Armour  |       |     1 ||     1
    Use: Scroll            |       |     4 ||     4
         Potion            |       |     3 ||     3
 Armour: Robe              |     8 |    12 ||    20
  Dodge: Dodged            |    21 |    38 ||    59

Table legend: (Time is in decaauts)
 A = Elapsed time spent in this place.
 B = Non-inter-level travel time spent in this place.
 C = Inter-level travel time spent in this place.
 D = Time resting spent in this place.
 E = Time spent auto-exploring this place.
 F = Levels seen in this place.
 G = Mean time per level.
                   A        B        C        D        E       F      G
               +--------+--------+--------+--------+--------+-----+--------+
         Total |   4068 |   3937 |    131 |     35 |   3409 |   5 |  813.6 |
       Dungeon |   4068 |   3937 |    131 |     35 |   3409 |   5 |  813.6 |
               +--------+--------+--------+--------+--------+-----+--------+

Top non-repeatable levels by time:
     D:2: 1282 daAuts
     D:1: 1083 daAuts
     D:3: 934 daAuts
     D:4: 763 daAuts
     D:5: 4 daAuts
